 Dungeon Crawl Stone Soup version 0.25.1-2-g60ff931df9 (webtiles) character file.

Game seed: 6687909854690579417

352 raphialitos the Firebug (level 6, -20/42 HPs)
             Began as a Human Fire Elementalist on Oct 21, 2020.
             Was a Follower of Sif Muna.
             Killed from afar by a hobgoblin (47 damage)
             ... with an exploding inner flame
             ... hexed by the player character
             ... on level 4 of the Dungeon.
             The game lasted 00:14:04 (4602 turns).

raphialitos the Firebug (Human Fire Elementalist)   Turns: 4602, Time: 00:14:04

Health: -20/42     AC:  7    Str:  8    XL:     6   Next: 94%
Magic:  1/11       EV: 13    Int: 18    God:    Sif Muna [*.....]
Gold:   259        SH:  0    Dex: 13    Spells: 4/11 levels left

rFire    . . .     SeeInvis .   j - +0 short sword
rCold    . . .     Gourm    .   (no shield)
rNeg     . . .     Faith    .   a - +2 robe
rPois    .         Spirit   .   (no helmet)
rElec    .         Reflect  .   (no cloak)
rCorr    .         Harm     .   (no gloves)
MR       .....                  n - +2 pair of boots
Stlth    ++........             (no amulet)
HPRegen  0.14/turn              (no ring)
MPRegen  0.12/turn              (no ring)

@: no status effects
A: no striking features
a: Channel Magic, Renounce Religion


You were on level 4 of the Dungeon.
You worshipped Sif Muna.
Sif Muna was aware of your devotion.
You were not hungry.

You visited 1 branch of the dungeon, and saw 4 of its levels.

You collected 259 gold pieces.

Inventory:

Hand Weapons
 j - a +0 short sword (weapon)
 o - a +2 antimagic short sword
Missiles
 b - 24 sling bullets
 i - 76 bolts
 m - 2 curare-tipped darts
 q - 23 poisoned darts (quivered)
 s - 6 boomerangs
Armour
 a - a +2 robe (worn)
 n - a +2 pair of boots (worn)
Jewellery
 t - an uncursed ring of flight {unknown}
Wands
 e - a wand of disintegration (10)
Scrolls
 f - a scroll of amnesia
Potions
 d - a potion of might
 g - a potion of lignification
 h - a potion of stabbing
 k - a potion of heal wounds {unknown}
 p - a potion of flight {unknown}
Comestibles
 c - 7 rations
 l - 4 chunks of flesh


   Skills:
 + Level 0.4 Fighting
 + Level 1.3 Short Blades
 + Level 1.5 Throwing
 + Level 2.5 Dodging
 + Level 2.8 Stealth
 + Level 3.4 Spellcasting
 + Level 2.7 Conjurations
 + Level 1.4 Hexes
 + Level 4.0 Fire Magic


You had 4 spell levels left.
You knew the following spells:

 Your Spells              Type           Power        Failure   Level  Hunger
a - Foxfire               Conj/Fire      ###.         3%          1    None
b - Conjure Flame         Conj/Fire      ###.....     12%         3    ###....
c - Inner Flame           Hex/Fire       ##......     16%         3    ###....

Your spell library contained the following spells:

 Spells                   Type           Power        Failure   Level  Hunger
 Sticky Flame             Conj/Fire      ###.....     36%         4    ####...
 Fireball                 Conj/Fire      ###.......   71%         5    ######.


Dungeon Overview and Level Annotations

Branches:
Dungeon (4/15)
 Temple: D:4-7

Altars:
Ashenzari
Cheibriados
Gozag
Sif Muna
Trog
Yredelemnul

Annotations:
D:4 1 runed translucent door, Crazy Yiuf


Message History

Casting: Foxfire (safe; 4% risk of failure)
Confirm with . or Enter, or press ? or * to list all spells.
You don't know that spell.
Okay, then.
Casting: Foxfire (safe; 4% risk of failure)
Confirm with . or Enter, or press ? or * to list all spells.
Aiming: Inner Flame (dangerous; 16% risk of failure)
Press: ? - help, Shift-Dir - straight line, f - hobgoblin
Aim: a hobgoblin, wielding a +0 club (chance to defeat MR: 81%)
The hobgoblin is filled with an inner flame.
The foxfire hits the hobgoblin.
Flame seeps out of the hobgoblin.
The hobgoblin is severely wounded.
The hobgoblin is engulfed in blazing flames.
The hobgoblin explodes!
The fiery explosion engulfs the goblin!!!
You kill the goblin!
Sif Muna accepts your kill. The fiery explosion engulfs you!!!
Ouch! That really hurt!
You die...

<..#.### #..#
#.#8.....8 ...#..(#
##.# ##.#...o...
....##.## #.#
#..#8.g...8
....##..# #.##
#o##..g.o..
....###.###..# ##g#
8.....8
...........#.###g.#
..#####.##)...##§##
###
#.#####..#○#######
#.## #..§@§......
#..#####(§§.######
##..........##
###.........#
#.......#.).#
#.......###....
#..>....# ###.
#.......# #.......#


You could see an orc priest and 2 goblins.

Vanquished Creatures
  The ghost of Patoropollo the Shield-Bearer, an amateur FoFi (D:3)
  A hound (D:4)
  An orc priest (D:3)
  A bullfrog skeleton (D:4)
  An orc wizard (D:3)
  A worker ant (D:3)
  3 adders (D:2)
  A shadow imp (D:3)
  An ooze (D:1)
  3 worms
  A dart slug (D:2)
  A leopard gecko (D:1)
  11 orcs
  6 bats
  4 giant cockroaches
  8 goblins
  9 hobgoblins
  3 jackals (D:1)
  2 ball pythons (D:3)
  7 frilled lizards
  6 kobolds
  8 rats
80 creatures vanquished.

Vanquished Creatures (others)
  167 foxfires
167 creatures vanquished.

Grand Total: 247 creatures vanquished

Notes
Turn   | Place    | Note
-------+----------+-------------------------------------------
     0 | D:1      | raphialitos the Human Fire Elementalist began the quest for
                  | the Orb.
     0 | D:1      | Reached XP level 1. HP: 13/13 MP: 3/3
   157 | D:1      | Reached XP level 2. HP: 19/19 MP: 0/5
   712 | D:1      | Reached XP level 3. HP: 24/24 MP: 6/6
  1590 | D:2      | Learned a level 3 spell: Conjure Flame
  1594 | D:2      | Learned a level 3 spell: Inner Flame
  1816 | D:2      | Reached skill level 1 in Short Blades
  1816 | D:2      | Reached XP level 4. HP: 18/30 MP: 0/7
  1960 | D:2      | Found a shimmering blue altar of Sif Muna.
  1998 | D:2      | Became a worshipper of Sif Muna the Loreminder
  2326 | D:2      | Found a snail-covered altar of Cheibriados.
  3064 | D:3      | Reached XP level 5. HP: 33/35 MP: 3/9
  3485 | D:3      | Found a runed translucent gate.
  3485 | D:3      | Found a runed translucent gate.
  3485 | D:3      | Found a runed translucent gate.
  3487 | D:3      | Found a shattered altar of Ashenzari.
  3488 | D:3      | Found an opulent altar of Gozag.
  3488 | D:3      | Noticed Patoropollo's ghost (amateur FoFi)
  3756 | D:3      | Reached * piety under Sif Muna
  3887 | D:3      | Found a bloodstained altar of Trog.
  3887 | D:3      | Found a basalt altar of Yredelemnul.
  4092 | D:3      | Killed Patoropollo's ghost
  4092 | D:3      | Reached skill level 1 in Throwing
  4092 | D:3      | Reached XP level 6. HP: 42/42 MP: 5/10
  4179 | D:3      | Reached skill level 1 in Hexes
  4430 | D:4      | Reached skill level 4 in Fire Magic
  4503 | D:4      | Found a runed translucent door.
  4504 | D:4      | Noticed Crazy Yiuf
  4602 | D:4      | Killed from afar by a hobgoblin

Illustrated notes

Levels and vault maps discovered:
D:1:      kilobyte_arrival_exit_the_forest, layout_loops_corners
D:2:      layout_basic, kennysheep_slug_shrine, led_sif_pool
D:3:      layout_rooms, cheibrodos_ashenzari_chains,
          gammafunk_temple_overflow_elements, ebering_ghost_gozag, minivault_4,
          corexii_leaking_fountain, wander_ebering_terrifying_dragon_lair
D:4:      kennysheep_the_goblin_king, layout_rooms, old_standard_altar,
          first_ration, ebering_ghost_reflecting_pool, uniq_crazy_yiuf_cottage,
          uniq_ijyb

Skill      XL: |  1  2  3  4  5  6 |
---------------+-------------------+-----
Short Blades   | 1 |  1.3
Spellcasting   | 3 |  3.4
Conjurations   | 2 |  2.7
Throwing       | 1 |  1.5
Hexes          | 1 |  1.4
Fire Magic     | 4 |  4.0
Fighting       | |  0.4
Dodging        | |  2.5
Stealth        | |  2.8

Action                   |  1- 3 |  4- 6 || total
-------------------------+-------+-------++-------
Melee: Short sword       |    53 |    30 ||    83
       Unarmed           |     3 |       ||     3
Throw: Dart              |       |    24 ||    24
 Cast: Foxfire           |    45 |    66 ||   111
       Inner Flame       |       |     7 ||     7
       Conjure Flame     |       |     3 ||     3
  Use: Scroll            |     3 |     7 ||    10
       Potion            |       |     1 ||     1
 Stab: Sleeping          |     3 |     3 ||     6
  Eat: Chunk             |     3 |    10 ||    13
Armor: Robe              |    23 |    30 ||    53
Dodge: Dodged            |    46 |    42 ||    88
